 Dungeon Crawl Stone Soup version 0.19.1 (webtiles) character file.

174 Host24 the Skirmisher (level 5, 0/36 HPs)
             Began as a Kobold Hunter on Dec 27, 2016.
             Slain by an orc wizard
             ... wielding a +0 dagger
              (1 damage)
             ... on level 3 of the Dungeon.
             The game lasted 00:05:27 (2194 turns).

Host24 the Skirmisher (Kobold Hunter)               Turns: 2194, Time: 00:05:28

Health: 0/36       AC:  4    Str:  9    XL:     5   Next: 84%
Magic:  5/5        EV: 15    Int: 12    God:
Gold:   70         SH:  0    Dex: 17    Spells: 0 memorised, 4 levels left

rFire  . . .     SeeInvis .     o - +1 short sword (venom)
rCold  . . .     Gourm    .     c - +0 leather armour
rNeg   . . .     Faith    .     (shield restricted)
rPois  .         Spirit   .     (no helmet)
rElec  .         Reflect  .     (no cloak)
rCorr  .         Harm     .     b - +0 pair of gloves
MR     .....                    (no boots)
Stlth  +.........               (no amulet)
                                (no ring)
                                (no ring)

@: confused, very slightly contaminated, invisible
A: carnivore 3
a: no special abilities


You were on level 3 of the Dungeon.
You were very full.

You visited 1 branch of the dungeon, and saw 3 of its levels.

You collected 70 gold pieces.

Inventory:

Hand Weapons
 a - a +1 hand crossbow
 l - a +0 hunting sling
 o - a +1 short sword of venom (weapon)
 y - a cursed -1 hunting sling
Missiles
 d - 18 bolts
 g - 69 arrows
 i - 6 poisoned needles
 j - 38 stones (quivered)
 q - 26 sling bullets
Armour
 b - a +0 pair of gloves (worn)
 c - a +0 leather armour (worn)
 p - a +2 buckler
Jewellery
 m - a cursed amulet of inaccuracy
 r - an uncursed ring of protection from magic {unknown}
Scrolls
 e - 2 scrolls of identify
 k - 4 scrolls of remove curse {unknown}
 s - a scroll of teleportation {unknown}
 t - a scroll of blinking {unknown}
 u - a scroll of enchant weapon {unknown}
 w - a scroll of amnesia {unknown}
 x - a scroll of immolation {unknown}
Potions
 n - a potion of invisibility
Comestibles
 f - 3 meat rations
 v - 2 beef jerkies


   Skills:
 + Level 5.7 Fighting
 - Level 5.0 Crossbows
 - Level 3.0 Dodging
 - Level 1.3 Stealth


You had 4 spell levels left.
You didn't know any spells.

Dungeon Overview and Level Annotations

Branches:
Dungeon (3/15)

Altars:
Cheibriados
Gozag

Annotations:
D:3 Host24's ghost, amateur KoHu


Innate Abilities, Weirdness & Mutations

You are small and have problems with some larger weapons.
You are carnivorous and can eat meat at any time.


Message History

* * * LOW HITPOINT WARNING * * *
As you read the scroll labeled XUGAST TIRYLICAWN, it crumbles to dust.
It is a scroll of identify.
m - a cursed amulet of inaccuracy You hear some strange, mumbled words.
You are confused.
You bump into the rock wall.
Something hits you but does no damage.
You're too confused!
You bump into the rock wall.
Something hits you.
* * * LOW HITPOINT WARNING * * *
You fade into invisibility!
Something barely misses you.
You are very lightly contaminated with residual magic.
You bump into the rock wall.
Something hits you.
* * * LOW HITPOINT WARNING * * *
You're too confused to move!
Something hits you but does no damage.
You closely miss something. Something hits you.
* * * LOW HITPOINT WARNING * * *
Something hits you.
You die...

#'# ...## #######.##.....#
...............#
#######.##.....#
##.).##...## #.....# #.#
##.o.#.# .. ##{###.# # #@#
#.# #.# ## #.# #.# ..#.#
######## #. #.#.# #......#
#. #.#.# #.####.#
#.####.#.#########.# #.#
###...............##.####.#


You could see an orc.

Vanquished Creatures
  Ijyb (D:2)
  2 orc wizards (D:3)
  A gnoll (D:1)
  2 adders (D:3)
  An ooze (D:1)
  A worm (D:2)
  A dart slug (D:1)
  3 orcs (D:3)
  5 bats
  2 giant cockroaches (D:2)
  10 goblins
  9 hobgoblins
  3 quokkas
  2 ball pythons (D:2)
  4 frilled lizards
  6 kobolds
  7 rats
60 creatures vanquished.

Notes
Turn   | Place    | Note
-------+----------+-------------------------------------------
     0 | D:1      | Host24 the Kobold Hunter began the quest for the Orb.
     0 | D:1      | Reached XP level 1. HP: 12/12 MP: 1/1
    71 | D:1      | Reached XP level 2. HP: 19/19 MP: 2/2
   152 | D:1      | Reached XP level 3. HP: 9/23 MP: 3/3
   576 | D:1      | Reached skill level 5 in Crossbows
  1014 | D:2      | Noticed Ijyb
  1032 | D:2      | Killed Ijyb
  1032 | D:2      | Reached XP level 4. HP: 28/29 MP: 4/4
  1470 | D:2      | Found a snail-covered altar of Cheibriados.
  1470 | D:2      | Found an opulent altar of Gozag.
  1475 | D:2      | Found a faded altar of an unknown god.
  1478 | D:2      | Found a faded altar of an unknown god.
  1484 | D:2      | Found a faded altar of an unknown god.
  1539 | D:3      | Noticed Host24's ghost (amateur KoHu)
  1603 | D:3      | Reached skill level 5 in Fighting
  1603 | D:3      | Reached XP level 5. HP: 20/35 MP: 5/5
  2194 | D:3      | HP: 1/36 [something (3)]
  2194 | D:3      | Slain by an orc wizard

Skill      XL: |  1  2  3  4 |
---------------+-------------+-----
Fighting       | 3 4 5 |  5.7
Dodging        | 3 |  3.0
Crossbows      | 5 |  5.0
Stealth        | |  1.3

Action                   |  1- 3 |  4- 6 || total
-------------------------+-------+-------++-------
Melee: Short sword       |    73 |   110 ||   183
 Fire: Hand crossbow     |     7 |     3 ||    10
  Use: Potion            |       |     4 ||     4
       Scroll            |       |     1 ||     1
 Stab: Sleeping          |     2 |     3 ||     5
  Eat: Chunk             |     8 |     4 ||    12
Armor: Leather armour    |    15 |    35 ||    50
       Skin              |       |    15 ||    15
Dodge: Dodged            |    41 |   109 ||   150
